 Dungeon Crawl Stone Soup version 0.20.1-1-g8b1a95d (webtiles) character file.

12404 Lanoc the Whirler (level 12, -10/88 HPs)
             Began as a Halfling Hunter on Nov 22, 2017.
             Was a Priest of the Shining One.
             Mangled by an orc warrior
             ... wielding a +0 war axe
             ... led by an orc knight
              (28 damage)
             ... on level 1 of the Orcish Mines on Nov 23, 2017.
             The game lasted 01:25:39 (9639 turns).

Lanoc the Whirler (Halfling Hunter)                 Turns: 9639, Time: 01:25:40

Health: -10/88     AC:  8    Str: 16    XL:     12   Next: 19%
Magic:  0/12       EV: 19    Int:  9    God:    the Shining One [***...]
Gold:   588        SH:  0    Dex: 24    Spells: 11/11 levels left

rFire    . . .     SeeInvis .   a - +2 hunting sling
rCold    . . .     Gourm    .   (shield restricted)
rNeg     + . .     Faith    .   Z - +0 troll leather armour
rPois    .         Spirit   +   (no helmet)
rElec    .         Reflect  .   N - scarf {Spirit}
rCorr    .         Harm     .   H - +2 pair of gloves
MR       .....                  (no boots)
Stlth    +.........             (no amulet)
Regen    0.7/turn               s - +3 ring of strength
MPRegen  0.2/turn               R - +4 ring of dexterity

@: about to teleport, glowing
A: mutation resistance 1
a: Divine Shield, Renounce Religion


You were on level 1 of the Orcish Mines.
You worshipped the Shining One.
The Shining One was most pleased with you.
You were full.

You visited 3 branches of the dungeon, and saw 12 of its levels.

You collected 588 gold pieces.

Inventory:

Hand Weapons
 a - a +2 hunting sling (weapon)
 Y - a +4 spear
Missiles
 d - 16 sling bullets (quivered)
 h - 13 stones
 X - 2 throwing nets
Armour
 u - a scarf of repulsion
 H - a +2 pair of gloves (worn)
 N - a scarf of spirit shield (worn)
 P - the +1 ring mail of the Hundredfold Orbs {rF+ Str+5 Stlth+}
   (You found it on level 7 of the Dungeon)

   It affects your strength (+5).
   It protects you from fire.
   It makes you more stealthy.
 Z - a +0 troll leather armour (worn)
Jewellery
 s - a +3 ring of strength (left hand)
 y - an uncursed ring of protection from magic
 E - an uncursed ring of poison resistance
 F - an uncursed ring of protection from fire
 G - an uncursed ring of positive energy
 R - a +4 ring of dexterity (right hand)
Wands
 B - a wand of disintegration (16/24)
 D - a wand of polymorph (4/24)
Scrolls
 c - 2 scrolls of immolation {unknown}
 j - 2 scrolls of fog
 k - 3 scrolls of blinking
 l - 3 scrolls of identify
 m - a scroll of recharging
 n - a scroll of fear
 p - 2 scrolls of remove curse
 K - 2 scrolls of magic mapping
Potions
 q - a potion of curing
 w - a potion of cancellation {unknown}
 x - 2 potions of resistance {unknown}
 z - a potion of mutation {unknown}
 A - 2 potions of flight
 C - a potion of haste
 I - a potion of might {unknown}
 J - a potion of lignification {unknown}
 L - 4 potions of magic
 O - a potion of degeneration {unknown}
Comestibles
 f - 9 bread rations
 i - 6 meat rations


   Skills:
 + Level 10.4 Fighting
 + Level 17.4 Slings
 + Level 6.5 Armour
 + Level 5.5 Dodging
 + Level 3.5 Stealth


You had 11 spell levels left.
You didn't know any spells.

Dungeon Overview and Level Annotations

Branches:
Dungeon (10/15)            Temple (1/1) D:6            Lair (0/6) D:9
    Orc (1/2) D:10

Altars:
Ashenzari
Cheibriados
Gozag
Hepliaklqana
Makhleb
Nemelex Xobeh
Okawaru
Qazlal
Ru
Trog
Xom
Yredelemnul
Zin
The Shining One


Innate Abilities, Weirdness & Mutations

You are small and have problems with some larger weapons.
You are somewhat resistant to further mutation.


Message History

You shoot a sling bullet. The sling bullet hits the orc knight.
The orc knight is moderately wounded.
The orc priest misses you.
The orc warrior hits you from afar with a trident!!
* * * LOW HITPOINT WARNING * * *
You feel much better.
The orc knight hits you with a battleaxe!
The orc priest hits you with a short sword.
The orc warrior hits you from afar with a trident!
As you read the scroll of teleportation, it crumbles to dust.
You feel strangely unstable.
The orc knight hits you with a battleaxe!!
* * * LOW HITPOINT WARNING * * *
You feel better.
The orc warrior hits you from afar with a trident.
* * * LOW HITPOINT WARNING * * *
The orc priest misses you. The orc knight closely misses you.
You feel better. The orc warrior barely misses you.
The orc warrior hits you with a war axe!!
You die...

#................(.o.oo...#
##..#.......(........##.o####
#.........(............C.##.
##.#......#....(.#....[.....
##.......#..............#.)
##.....##(o.......##.##)..
#...#....(.o)........)[[.#
#...#.....oo...#.#.#......#
##.#.#....@o)..).....)...##
##.........).)).#.#.##.##
##........##.)..#######
###..#.........#
#.#.........## #...#.#......#
##.#####..#.## ## ######


You could see an orc knight, 2 orc warriors and 2 orc priests.

Vanquished Creatures
  Harold (Orc:1)
  Erica (D:9)
  3 two-headed ogres
  An orc high priest (Orc:1)
  The ghost of ThereIsNoGod the Basher, a novice HuIE of Ashenzari (D:6)
  Pikel (D:6)
  2 orc sorcerers (Orc:1)
  A troll (Orc:1)
  Prince Ribbit (D:6)
  2 hippogriffs
  A wraith (D:6)
  5 yaks (D:9)
  2 wyverns (D:9)
  A hungry ghost (D:9)
  Menkaure (D:6)
  5 wargs
  9 orc warriors
  3 slaves (D:6)
  A phantom (D:8)
  4 sky beasts
  A hornet zombie (D:8)
  3 ogres
  A bullfrog (D:7)
  A gnoll sergeant (Orc:1)
  3 scorpions
  12 killer bees
  An electric eel (D:10)
  2 crimson imps
  The ghost of Lanoc the Chiller, a weakling DEIE (D:3)
  A bullfrog zombie (D:5)
  7 hounds
  Crazy Yiuf (D:5)
  A centaur skeleton (D:4)
  10 orc priests
  2 bullfrog skeletons
  2 jellies
  8 orc wizards
  2 iguanas (D:6)
  Jessica (D:2)
  Terence (D:3)
  9 worker ants
  A worker ant zombie (D:9)
  A howler monkey zombie (D:4)
  4 gnolls (Orc:1)
  5 adders
  2 shadow imps
  An adder zombie (D:9)
  An adder skeleton (D:8)
  2 worms
  5 leopard geckos
  53 orcs
  4 ball pythons
  7 bats
  5 giant cockroaches
  9 goblins
  5 hobgoblins
  3 quokkas
  5 frilled lizards
  A jackal skeleton (D:4)
  A jackal zombie (D:8)
  9 kobolds
  A leopard gecko skeleton (D:7)
  A quokka zombie (D:8)
  6 rats
  A plant (D:9)
249 creatures vanquished.

Vanquished Creatures (others)
  A hound skeleton (D:4)
1 creature vanquished.

Grand Total: 250 creatures vanquished

Notes
Turn   | Place    | Note
-------+----------+-------------------------------------------
     0 | D:1      | Lanoc the Halfling Hunter began the quest for the Orb.
     0 | D:1      | Reached XP level 1. HP: 14/14 MP: 1/1
    42 | D:1      | Reached skill level 6 in Slings
   132 | D:1      | Reached XP level 2. HP: 19/19 MP: 2/2
   553 | D:1      | Reached XP level 3. HP: 24/24 MP: 3/3
  1101 | D:2      | Noticed Jessica
  1108 | D:2      | Killed Jessica
  1108 | D:2      | Reached skill level 7 in Slings
  1108 | D:2      | Reached XP level 4. HP: 28/29 MP: 4/4
  1196 | D:2      | You fall through a shaft!
  1370 | D:3      | Noticed Terence
  1386 | D:3      | Killed Terence
  1659 | D:3      | Reached XP level 5. HP: 35/35 MP: 5/5
  1701 | D:3      | Reached skill level 8 in Slings
  1701 | D:3      | Reached skill level 1 in Armour
  1709 | D:3      | Found a burning altar of Makhleb.
  1766 | D:3      | Noticed a sky beast
  1769 | D:3      | Noticed Lanoc's ghost (weakling DEIE)
  1778 | D:3      | Killed a sky beast
  1778 | D:3      | Reached XP level 6. HP: 24/41 MP: 6/6
  1784 | D:3      | Killed Lanoc's ghost
  1784 | D:3      | Reached skill level 9 in Slings
  1802 | D:3      | Found a glowing golden altar of the Shining One.
  1811 | D:3      | Became a worshipper of the Shining One
  2318 | D:4      | Reached XP level 7. HP: 34/45 MP: 7/7
  2560 | D:4      | Reached skill level 10 in Slings
  3103 | D:5      | Entered Level 5 of the Dungeon
  3162 | D:5      | Found a basalt altar of Yredelemnul.
  3164 | D:5      | Found a sparkling altar of Nemelex Xobeh.
  3167 | D:5      | Found a hazy altar of Hepliaklqana.
  3193 | D:5      | Found a bloodstained altar of Trog.
  3194 | D:5      | Found a glowing golden altar of the Shining One.
  3199 | D:5      | Found a stormy altar of Qazlal.
  3199 | D:5      | Found an opulent altar of Gozag.
  3200 | D:5      | Found a shattered altar of Ashenzari.
  3280 | D:5      | Reached * piety under the Shining One
  3354 | D:5      | Reached XP level 8. HP: 45/54 MP: 8/8
  3399 | D:5      | Found an iron altar of Okawaru.
  3495 | D:5      | Reached skill level 11 in Slings
  3669 | D:5      | Found a runed door.
  3673 | D:5      | Noticed Crazy Yiuf
  3685 | D:5      | Killed Crazy Yiuf
  3847 | D:6      | Noticed Prince Ribbit
  4175 | D:6      | Noticed Pikel
  4196 | D:6      | Killed Pikel
  4196 | D:6      | Reached skill level 5 in Fighting
  4196 | D:6      | Reached skill level 12 in Slings
  4196 | D:6      | Reached XP level 9. HP: 32/61 MP: 9/9
  4376 | D:6      | Reached skill level 13 in Slings
  4444 | D:6      | Killed Prince Ribbit
  4784 | D:6      | Found an iron altar of Okawaru.
  4890 | D:6      | Noticed ThereIsNoGod's ghost (novice HuIE)
  4912 | D:6      | Killed ThereIsNoGod's ghost
  4912 | D:6      | Reached skill level 14 in Slings
  5158 | D:6      | Found a staircase to the Ecumenical Temple.
  5158 | D:6      | Noticed Menkaure
  5164 | D:6      | Killed Menkaure
  5176 | Temple   | Entered the Ecumenical Temple
  5681 | D:7      | Reached XP level 10. HP: 65/68 MP: 4/10
  5731 | D:7      | Got an encrusted ring mail
  5742 | D:7      | Identified the +1 ring mail of the Hundredfold Orbs {rF+ Str+5 Stlth+} (You found it on level 7 of the Dungeon)
  5809 | D:7      | Found a sacrificial altar of Ru.
  6590 | D:8      | Reached ** piety under the Shining One
  6597 | D:8      | Reached skill level 15 in Slings
  6821 | D:9      | Found a staircase to the Lair.
  7227 | D:9      | Noticed Erica
  7781 | D:9      | Killed Erica
  7781 | D:9      | Reached skill level 5 in Armour
  7781 | D:9      | Reached XP level 11. HP: 60/78 MP: 6/11
  7863 | D:9      | Noticed a two-headed ogre
  7873 | D:9      | Reached skill level 16 in Slings
  7883 | D:9      | Killed a two-headed ogre
  8367 | D:10     | Entered Level 10 of the Dungeon
  8372 | D:10     | Noticed a two-headed ogre
  8386 | D:10     | Killed a two-headed ogre
  8392 | D:10     | Reached *** piety under the Shining One
  8630 | D:10     | Found a staircase to the Orcish Mines.
  8740 | Orc:1    | Entered Level 1 of the Orcish Mines
  8762 | Orc:1    | Noticed a two-headed ogre
  8790 | Orc:1    | Killed a two-headed ogre
  8790 | Orc:1    | Reached skill level 5 in Dodging
  8841 | Orc:1    | Noticed an orc sorcerer
  8852 | Orc:1    | Killed an orc sorcerer
  9050 | Orc:1    | Noticed Harold
  9089 | Orc:1    | Killed Harold
  9089 | Orc:1    | Reached skill level 10 in Fighting
  9089 | Orc:1    | Reached skill level 17 in Slings
  9089 | Orc:1    | Reached XP level 12. HP: 45/87 MP: 6/12
  9221 | Orc:1    | Noticed an orc high priest
  9262 | Orc:1    | Killed an orc high priest
  9343 | Orc:1    | Noticed a stone giant
  9383 | Orc:1    | Noticed a sixfirhy
  9637 | Orc:1    | HP: 2/88 [orc knight/battleaxe (28)]
  9639 | Orc:1    | Mangled by an orc warrior

Skill      XL: |  1  2  3  4  5  6  7  8  9 10 11 |
---------------+----------------------------------+-----
Slings         | 6 7 8 9 10 12 14 15 17 | 17.4
Fighting       | 2 3 5 6 8 10 | 10.4
Armour         | 1 2 3 5 6 |  6.5
Dodging        | 3 4 5 |  5.5
Stealth        | 2 3 |  3.5

Action                   |  1- 3 |  4- 6 |  7- 9 | 10-12 || total
-------------------------+-------+-------+-------+-------++-------
 Fire: Hunting sling     |    76 |   154 |   323 |   711 ||  1264
Evoke: Wand              |       |       |       |     4 ||     4
  Use: Scroll            |       |     6 |     1 |    18 ||    25
       Potion            |       |     1 |       |     5 ||     6
  Eat: Chunk             |       |     5 |     8 |     8 ||    21
       Royal jelly       |       |       |     1 |     1 ||     2
       Bread ration      |       |       |       |     1 ||     1
       Fruit             |       |       |       |     1 ||     1
Armor: Leather armour    |     7 |     7 |    21 |       ||    35
       Ring mail         |       |       |       |    46 ||    46
       Troll leather arm |       |       |       |     9 ||     9
Dodge: Dodged            |    19 |    51 |    71 |   204 ||   345
       Deflected         |       |     1 |       |       ||     1
